 Dungeon Crawl Stone Soup version 0.28-a0-2-g643f2454ad (webtiles) character file.

Game seed: 1914942195643462291

11740 Blejac999 the Thaumaturge (level 12, -6/78 HPs)
             Began as a Djinni Conjurer on July 22, 2021.
             Was an Elder of Makhleb.
             Mangled by a blink frog (11 damage)
             ... on level 9 of the Dungeon.
             The game lasted 00:42:35 (18189 turns).

Blejac999 the Thaumaturge (Djinni Conjurer)        Turns: 18189, Time: 00:42:36

Health: -6/78      AC: 10    Str: 11    XL:     12   Next: 11%
Gold:   573        EV: 16    Int: 25    God:    Makhleb [****..] SH:  0 Dex: 18

rFire   + + .      SeeInvis +   h - +2 quarterstaff (vorpal)
rCold   x . .      Faith    +   (shield currently unavailable)
rNeg    + . .      Spirit   .   p - +2 robe "Meonn" {rN+ Str+3}
rPois   ∞          Reflect  .   (no helmet)
rElec   .          Harm     .   l - +2 cloak of the Thief {*Fog Slay-2 SInv Stlth+}
rCorr   .          Rampage  .   m - +2 pair of gloves
Will    +....                   (boots unavailable)
Stlth   ++++++....              i - amulet "Batrarop" {Faith Str+2}
HPRegen 0.23/turn               c - +6 ring of dexterity
MPRegen 0.00/turn               q - ring of see invisible

@: marked, flying, studying Stealth
A: sickness immunity, fire resistance 2, cold vulnerability 1, float, innate
caster, hp casting, extra vitality 1, subdued magic 1, MP-powered wands, sturdy
frame 1
a: Renounce Religion, Minor Destruction, Lesser Servant of Makhleb, Major
Destruction


You were on level 9 of the Dungeon.
You worshipped Makhleb.
Makhleb was greatly pleased with you.
You visited 3 branches of the dungeon, and saw 14 of its levels.

You collected 867 gold pieces.
You spent 294 gold pieces at shops.

Inventory:

Hand Weapons
 h - a +2 vorpal quarterstaff (weapon)
Missiles
 j - 3 throwing nets
Armour
 l - the +2 cloak of the Thief (worn) {*Fog Slay-2 SInv Stlth+}
   (You found it on level 7 of the Dungeon)

   It may release a thick cloud of smoke when the wearer is hurt.
   Slay:      It affects your accuracy & damage with ranged weapons and melee
   (-2).
   SInv:      It lets you see invisible.
   Stlth:     It makes you more stealthy.
 m - a +2 pair of gloves (worn)
 p - the +2 robe "Meonn" (worn) {rN+ Str+3}
   (You found it on level 8 of the Dungeon)

   Str:       It affects your strength (+3).
   rN:        It protects you from negative energy.
Jewellery
 c - a +6 ring of dexterity (left hand)
 i - the amulet "Batrarop" (around neck) {Faith Str+2}
   (You acquired it on level 7 of the Dungeon)

   [amulet of faith]

   It allows you to gain divine favour quickly.
   Str:       It affects your strength (+2).
 q - a ring of see invisible (right hand)
Wands
 a - a wand of mindburst (12)
 o - a wand of polymorph (11)
 s - a wand of acid (7)
 t - a wand of paralysis (6)
Scrolls
 b - 2 scrolls of enchant armour
 e - 3 scrolls of identify
 g - a scroll of silence
 n - 2 scrolls of teleportation


   Skills:
 + Level 4.1 Fighting
 + Level 2.5 Staves
 + Level 7.1 Dodging
 * Level 10.1 Stealth
 + Level 11.5 Spellcasting


You had 5 spell levels left.
You knew the following spells:

 Your Spells              Type           Power      Damage    Failure   Level
a - Magic Dart            Conj           100%       1d8       1%          1
b - Searing Ray           Conj           100%       3d7       1%          2
c - Dazzling Flash        Conj/Hex       100%       N/A       1%          3
d - Fulminant Prism       Conj/Hex       26%        3d14      1%          4
e - Iskenderun's Mystic   Conj/Tloc      53%        2d11      1%          4
f - Foxfire               Conj/Fire      100%       2x1d9     1%          1
g - Static Discharge      Conj/Air       53%        N/A       1%          2
h - Gell's Gravitas       Tloc           26%        N/A       1%          3
i - Animate Armour        Summ/Erth      100%       N/A       1%          4
j - Lightning Bolt        Conj/Air       26%        1d42      1%          5
Your spell library was empty.

Dungeon Overview and Level Annotations

Branches:
Dungeon (11/15)            Temple (0/1) D:6            Lair (1/6) D:9
    Orc (2/2) D:9
    Elf: Orc:2

Altars:
Cheibriados
Dithmenos
Hepliaklqana
Makhleb
Nemelex Xobeh
Okawaru
Qazlal
Ru
Trog
Uskayaw
Wu Jian
Zin
The Shining One

Shops:
D:2 [   D:9 !(

Annotations:
D:5 Pikel
D:10 Erica


Innate Abilities, Weirdness & Mutations

You are immune to sickness and miasma.
You are immune to poison.
Your flesh is very heat resistant. (rF++)
You are vulnerable to cold. (rC-)
You float through the air rather than walking.
You learn spells naturally, not from books.
Your magical power is your life essence.
You have superior vitality. (+4 HP)
Your spells are a little easier to cast, but a little less powerful.
You expend health (3 HP) to strengthen your wands.
Your movements are slightly less encumbered by armour. (ER -2)


Message History

The bullfrog hits you but does no damage.
The komodo dragon bites you!
* * * LOW HITPOINT WARNING * * *
The blink frog misses you. The komodo dragon misses you.
The blink frog blinks!
The blink frog barely misses you.
A blink frog comes into view.
The bullfrog hits you.
* * * LOW HITPOINT WARNING * * *
The blink frog hits you but does no damage.
Found a leather armour.
Blink to where?
Press: ? - help, Dir - move target, p - komodo dragon
As you read the scroll of blinking, it crumbles to dust.
A black mamba comes into view.
A blink frog comes into view.
The blink frog blinks!
A water moccasin comes into view.
The blink frog closely misses you.
The blink frog blinks!
As you read the scroll of fear, it crumbles to dust.
You assume a fearsome visage.
The plant is unaffected.
The black mamba looks frightened!
The bullfrog looks frightened!
The komodo dragon looks frightened!
The blink frog resists with some effort.
The blink frog looks frightened! x3; The water moccasin looks frightened!
The blink frog blinks! x6
The blink frog blinks! x2
The blink frog blinks!
Blink to where?
Press: ? - help, Dir - move target
As you read the scroll of blinking, it crumbles to dust.
The blink frog blinks!
A komodo dragon comes into view.
The blink frog blinks!
The blink frog misses you.
There is a staircase back to the Dungeon here.
The blink frog hits you but does no damage.
You fly upwards.
Welcome back to the Dungeon!
There is a staircase to the Lair here.
The blink frog hits you but does no damage.
Okay, then.
The blink frog hits you!
You die...

#.....##.♣..## ##..##[# #.#
#........♣..####.....### #.#
..........[.##......[..## #.#
............#(....[.....###.#
####..##.#..)))..........##.#
#..##.#.....)..>.......#.#
#..##.#.#................#
#..##.#.##...F....P..#####
#..##...###..@......##
####.......#####.....###
......#............###
.....############### ######


You could see a blink frog.

Vanquished Creatures
  A hydra (Lair:1)
  A two-headed ogre (D:8)
  An orc sorcerer (Orc:1)
  A cane toad (D:9)
  4 trolls
  A hornet (D:9)
  A centaur simulacrum (D:10)
  A wyvern (D:8)
  2 wraiths
  5 yaks
  Eustachio (D:5)
  A steam dragon (D:7)
  Menkaure (D:5)
  5 wargs
  A water moccasin (D:8)
  2 sky beasts
  A black bear (D:5)
  2 ice beasts
  18 orc warriors
  A necrophage (D:4)
  6 ogres
  8 centaurs
  2 lemures (D:5)
  A bullfrog (D:9)
  2 kobold brigands
  A gnoll sergeant (D:9)
  A wyvern zombie (D:8)
  7 scorpions
  A wyvern skeleton (D:4)
  8 wights
  10 killer bees
  2 electric eels (Lair:1)
  3 centaur zombies
  A hound (D:4)
  A jelly (D:5)
  A gnoll shaman (D:9)
  7 orc priests
  Crazy Yiuf (D:2)
  A centaur skeleton (D:5)
  4 iguanas
  14 orc wizards
  A hound skeleton (D:4)
  A howler monkey zombie (D:8)
  17 gnolls
  8 adders
  2 shadow imps
  2 white imps
  3 ufetubi
  A worm (D:3)
  A dart slug (D:2)
  49 orcs
  4 bats
  3 endoplasms
  3 giant cockroaches
  6 goblins
  8 hobgoblins
  3 quokkas
  3 ball pythons
  4 frilled lizards
  9 kobolds
  3 rats
264 creatures vanquished.

Vanquished Creatures (others)
  8 foxfires (Lair:1)
  28 fulminant prisms
  2 plants
38 creatures vanquished.

Grand Total: 302 creatures vanquished

Notes
Turn   | Place    | Note
-------+----------+-------------------------------------------
     0 | D:1      | Blejac999 the Djinni Conjurer began the quest for the Orb.
     0 | D:1      | Reached XP level 1. HP: 15/15 MP: 0/0
   267 | D:1      | Reached XP level 2. HP: 15/21 MP: 0/0
   491 | D:1      | Found a faded altar of an unknown god.
  1007 | D:2      | Reached XP level 3. HP: 21/25 MP: 0/0
  1007 | D:2      | Learned a level 1 spell: Foxfire
  1096 | D:2      | Reached skill level 4 in Spellcasting
  1380 | D:2      | Reached XP level 4. HP: 27/31 MP: 0/0
  1560 | D:2      | Found a sparkling altar of Nemelex Xobeh.
  1679 | D:2      | Found Peurchoxza's Armour Boutique.
  1715 | D:2      | Found a runed translucent door.
  1716 | D:2      | Noticed Crazy Yiuf
  2267 | D:2      | Killed Crazy Yiuf
  2644 | D:3      | Gained mutation: You evolve. [potion of mutation]
  2644 | D:3      | Gained mutation: You are resistant to electric shocks.
                  | (rElec) [potion of mutation]
  2644 | D:3      | Gained mutation: You are occasionally teleported next to
                  | monsters. [potion of mutation]
  2801 | D:3      | Reached XP level 5. HP: 34/35 MP: 0/0
  2801 | D:3      | Learned a level 2 spell: Static Discharge
  2994 | D:3      | Found a stormy altar of Qazlal.
  3309 | D:3      | Reached skill level 5 in Spellcasting
  3309 | D:3      | Reached XP level 6. HP: 36/40 MP: 0/0
  3347 | D:3      | Found a burning altar of Makhleb.
  3369 | D:3      | Became a worshipper of Makhleb the Destroyer
  3667 | D:3      | Found a hazy altar of Hepliaklqana.
  3931 | D:3      | Found a sparkling altar of Nemelex Xobeh.
  4297 | D:4      | Reached XP level 7. HP: 21/46 MP: 0/0
  4297 | D:4      | Learned a level 3 spell: Gell's Gravitas
  4490 | D:4      | Found a sacrificial altar of Ru.
  4567 | D:4      | Found a shadowy altar of Dithmenos.
  4777 | D:4      | Reached skill level 1 in Fighting
  4777 | D:4      | Reached skill level 6 in Spellcasting
  5318 | D:4      | Reached XP level 8. HP: 47/52 MP: 0/0
  5354 | D:4      | Lost mutation: You evolve. [potion of mutation]
  5354 | D:4      | Lost mutation: You are occasionally teleported next to
                  | monsters. [potion of mutation]
  5354 | D:4      | Gained mutation: You expend health (3 HP) to strengthen
                  | your wands. [potion of mutation]
  5751 | D:5      | Entered Level 5 of the Dungeon
  6057 | D:5      | Reached skill level 7 in Spellcasting
  6111 | D:5      | Reached * piety under Makhleb
  6473 | D:5      | Noticed Menkaure
  6474 | D:5      | Found a glowing golden altar of the Shining One.
  6489 | D:5      | Killed Menkaure
  6649 | D:5      | Reached XP level 9. HP: 53/59 MP: 0/0
  6649 | D:5      | Learned a level 4 spell: Animate Armour
  6736 | D:5      | Identified a scroll of acquirement
  6736 | D:5      | Acquired a manual of Stealth
  6742 | D:5      | Noticed Pikel
  7128 | D:5      | Noticed Eustachio
  7136 | D:5      | Killed Eustachio
  7459 | D:6      | Reached skill level 5 in Stealth
  7846 | D:6      | Found a staircase to the Ecumenical Temple.
  7875 | D:6      | Reached skill level 8 in Spellcasting
  8698 | D:7      | Reached skill level 1 in Staves
  8965 | D:7      | Found the +2 cloak of the Thief {*Fog Slay-2 SInv Stlth+}
  9064 | D:7      | Reached ** piety under Makhleb
  9226 | D:7      | Lost mutation: You are resistant to electric shocks.
                  | (rElec) [potion of mutation]
  9227 | D:7      | Lost mutation: You expend health (3 HP) to strengthen your
                  | wands. [potion of mutation]
  9227 | D:7      | Gained mutation: You are weak. (Str -2) [potion of
                  | mutation]
  9227 | D:7      | Gained mutation: You passively map a small area around you.
                  | [potion of mutation]
  9234 | D:7      | Acquired the amulet "Batrarop" {Faith Str+2}
  9492 | D:7      | Reached XP level 10. HP: 63/67 MP: 0/0
  9809 | D:8      | Reached skill level 9 in Spellcasting
  9845 | D:8      | Noticed a two-headed ogre
  9875 | D:8      | Killed a two-headed ogre
  9876 | D:8      | Reached skill level 5 in Dodging
 10189 | D:8      | Identified the +1 scale mail of Agnosticism {Rampage Str+2}
 10313 | D:8      | Identified the +2 robe "Meonn" {rN+ Str+3}
 10439 | D:8      | Found a hide-covered altar of Uskayaw.
 11450 | D:9      | Found a staircase to the Lair.
 11462 | D:9      | Reached skill level 10 in Spellcasting
 11574 | D:9      | Reached *** piety under Makhleb
 11592 | D:9      | Reached XP level 11. HP: 41/71 MP: 0/0
 11592 | D:9      | Learned a level 5 spell: Lightning Bolt
 12064 | D:9      | Found Xonyrgh's Distillery.
 12074 | D:9      | Bought a potion of mutation for 112 gold pieces
 12074 | D:9      | Bought a potion of mutation for 112 gold pieces
 12119 | D:8      | Lost mutation: You are weak. (Str -2) [potion of mutation]
 12119 | D:8      | Gained mutation: You expend health (3 HP) to strengthen
                  | your wands. [potion of mutation]
 12119 | D:8      | Gained mutation: You have sharp fingernails. [potion of
                  | mutation]
 12120 | D:8      | Lost mutation: You passively map a small area around you.
                  | [potion of mutation]
 12120 | D:8      | Lost mutation: You have sharp fingernails. [potion of
                  | mutation]
 12120 | D:8      | Gained mutation: Your spells are a little easier to cast,
                  | but a little less powerful. [potion of mutation]
 12120 | D:8      | Gained mutation: Your movements are slightly less
                  | encumbered by armour. (ER -2) [potion of mutation]
 12177 | D:9      | Found Ureverups's Antique Weapon Shop.
 12360 | D:9      | Found a snail-covered altar of Cheibriados.
 12543 | D:9      | Bought a potion of heal wounds for 70 gold pieces
 12546 | D:10     | Entered Level 10 of the Dungeon
 13386 | D:9      | Found a glowing silver altar of Zin.
 13386 | D:9      | Found an ornate altar of the Wu Jian Council.
 13406 | D:9      | Found an iron altar of Okawaru.
 13406 | D:9      | Found a bloodstained altar of Trog.
 13616 | D:9      | Found a staircase to the Orcish Mines.
 13616 | D:9      | Paralysed by an orc for 4 turns
 13630 | D:9      | Reached **** piety under Makhleb
 14132 | D:10     | Noticed Erica
 14199 | Lair:1   | Entered Level 1 of the Lair of Beasts
 14449 | Lair:1   | Noticed a five-headed hydra
 14652 | Orc:1    | Entered Level 1 of the Orcish Mines
 14786 | Orc:1    | Reached skill level 11 in Spellcasting
 14871 | Orc:1    | Noticed an orc sorcerer
 14876 | Orc:1    | Killed an orc sorcerer
 15373 | Orc:2    | Entered Level 2 of the Orcish Mines
 16624 | Orc:2    | Noticed an orc knight
 17153 | Orc:1    | HP: 2/72 [orc warrior (19)]
 17480 | Orc:1    | Reached XP level 12. HP: 24/78 MP: 0/0
 17770 | D:9      | Reached skill level 10 in Stealth
 18168 | Lair:1   | Killed a five-headed hydra
 18174 | Lair:1   | HP: 3/78 [komodo dragon (10)]
 18189 | D:9      | Mangled by a blink frog

Illustrated notes

Levels and vault maps discovered:
D:1:      psy_arrival_wood_between_worlds, layout_basic,
          shapermc_ecumenical_altar_mp_ritualfount
D:2:      layout_loops_ring, basic_altar, serial_shops, shop,
          uniq_crazy_yiuf_cottage
D:3:      layout_loops_ring, nicolae_qazlal_eye_of_the_storm,
          mainiacjoe_overflow_paths, nemelex_xobeh_ov_fountains_minmay,
          mainiacjoe_overflow_surrounded_room
D:4:      layout_basic, mainiacjoe_overflow_alcove_2, lemuel_doored_altar,
          small_statue_intersection
D:5:      layout_loops_cross, tso_metal_star, uniq_eustachio, uniq_menkaure,
          uniq_pikel
D:6:      layout_rooms, minmay_temple_entry_junction
D:7:      layout_loops_ring
D:8:      layout_basic, eat_drink_and_be_merry_uskayaw, st_stairs_12
D:9:      layout_loops_ring, grunt_temple_overflow_bloody_war,
          mainiacjoe_overflow_boulevard,
          chequers_temple_overflow_statue_of_worship, erik_lair_orcish_takeover,
          david_orc_2, serial_shops, nicolae_stop_n_shop_2, shop_statue
D:10:     minmay_the_grid_net [minmay_the_grid_all_tris,
          minmay_the_grid_tri_star, minmay_the_grid_broken_lines,
          minmay_the_grid_large_cup, minmay_the_grid_odd_star,
          minmay_the_grid_prize_inner_circle], layout_basic,
          serial_corexii_hall, corexii_hall_statues_i, corexii_hall_statues_i,
          uniq_harold, uniq_erica
D:11:     layout_roguey
Lair:1:   layout_chaotic_city, dpeg_stationary_puzzle,
          infiniplex_staircase_pool, uniq_urug
Orc:1:    layout_diamond_mine, serial_shops, shop
Orc:2:    st_orc_rangers, layout_caves, basic_altar

Skill      XL: |  1  2  3  4  5  6  7  8  9 10 11 12 |
---------------+-------------------------------------+-----
Spellcasting   | 4 5 6 7 8 10 11 | 11.5
Stealth        | 2 3 4 6 8 9 10 | 10.1
Fighting       | 1 2 3 4 |  4.1
Dodging        | 3 4 5 6 7 |  7.1
Staves         | 1 2 |  2.5

Action                   |  1- 3 |  4- 6 |  7- 9 | 10-12 || total
-------------------------+-------+-------+-------+-------++-------
Melee: Unarmed           |     1 |       |       |       ||     1
       Quarterstaff      |       |       |    10 |    18 ||    28
 Cast: Magic Dart        |    50 |    71 |   156 |   207 ||   484
       Searing Ray       |       |    10 |    42 |    77 ||   129
       Fulminant Prism   |       |       |     6 |    22 ||    28
       Gell's Gravitas   |       |       |       |     3 ||     3
       Lightning Bolt    |       |       |       |     1 ||     1
       Foxfire           |       |       |       |     4 ||     4
       Iskenderun's Myst |       |       |       |     1 ||     1
  Use: Potion            |     3 |     4 |     4 |     6 ||    17
       Scroll            |     2 |     4 |     7 |     7 ||    20
 Stab: Sleeping          |     1 |       |       |       ||     1
Armor: Robe              |       |     3 |    24 |    75 ||   102
Dodge: Dodged            |     5 |    13 |    72 |   251 ||   341

Table legend: (Time is in decaauts)
 A = Elapsed time spent in this place.
 B = Non-inter-level travel time spent in this place.
 C = Inter-level travel time spent in this place.
 D = Time resting spent in this place.
 E = Time spent auto-exploring this place.
 F = Levels seen in this place.
 G = Mean time per level.
                   A        B        C        D        E       F      G
               +--------+--------+--------+--------+--------+-----+--------+
         Total |  18234 |  17881 |    353 |   8365 |   7045 |  14 | 1302.4 |
       Dungeon |  15212 |  14883 |    329 |   6268 |   6673 |  11 | 1382.9 |
          Lair |     32 |     31 |      1 |      0 |      0 |   1 |   32.0 |
  Orcish Mines |   2989 |   2967 |     22 |   2097 |    372 |   2 | 1494.5 |
               +--------+--------+--------+--------+--------+-----+--------+

Top non-repeatable levels by time:
   Orc:1: 2808 daAuts
     D:9: 2518 daAuts
     D:8: 2097 daAuts
     D:5: 1701 daAuts
     D:3: 1693 daAuts
     D:2: 1643 daAuts
     D:4: 1583 daAuts
     D:6: 1168 daAuts
     D:7: 1145 daAuts
     D:1: 821 daAuts
    D:10: 742 daAuts
   Orc:2: 180 daAuts
    D:11: 96 daAuts
  Lair:1: 32 daAuts
